 Dungeon Crawl Stone Soup version 0.26-a0-50-gc4d14cd842 (webtiles) character file.

Game seed: 5184115827590815143

11873 xccam the Protected (level 11, -4/84 HPs)
             Began as a Gnoll Wanderer on June 4, 2020.
             Was a High Priest of Okawaru.
             Slain by a white ugly thing (12 damage)
             ... on level 10 of the Dungeon.
             The game lasted 00:27:22 (13697 turns).

xccam the Protected (Gnoll Wanderer)               Turns: 13697, Time: 00:27:23

Health: -4/84      AC: 15    Str: 11    XL:     11   Next: 84%
Magic:  24/24      EV: 14    Int: 18    God:    Okawaru [*****.]
Gold:   558        SH:  0    Dex: 17    Spells: 20/24 levels left

rFire    . . .     SeeInvis .   b - +9 dagger of Fragile Peace {venom, +Inv rPois Str-2 Int+3}
rCold    . . .     Gourm    .   (no shield)
rNeg     + . .     Faith    .   m - +4 ring mail {rPois}
rPois    +         Spirit   .   A - +1 helmet
rElec    .         Reflect  .   (no cloak)
rCorr    +         Harm     .   (no gloves)
MR       .....                  (no boots)
Stlth    +++.......             e - amulet of the acrobat
HPRegen  0.24/turn              o - ring of positive energy
MPRegen  0.19/turn              k - ring of resist corrosion

@: about to teleport
A: distributed training, fangs 1, slimy green scales 1, dopey 1, high mp 1,
strong nose
a: Heroism, Finesse, Renounce Religion, Evoke Invisibility


You were on level 10 of the Dungeon.
You worshipped Okawaru.
Okawaru was extremely pleased with you.
You were hungry.

You visited 2 branches of the dungeon, and saw 12 of its levels.
You also visited: Ossuary.

You collected 558 gold pieces.

Inventory:

Hand Weapons
 a - a +0 shortbow
 b - the +9 dagger of Fragile Peace (weapon) {venom, +Inv rPois Str-2 Int+3}
   (You found it on level 6 of the Dungeon)

   It poisons the flesh of those it strikes.
   It affects your strength (-2).
   It affects your intelligence (+3).
   It protects you from poison.
   It lets you turn invisible.
 B - a +1 falchion of venom
 D - a +0 fustibalus
Missiles
 c - 193 arrows
 h - 365 stones (quivered)
 G - 23 sling bullets
Armour
 m - a +4 ring mail of poison resistance (worn)
 A - a +1 helmet (worn)
 F - a +0 kite shield
Jewellery
 e - an amulet of the acrobat (around neck)
 k - a ring of resist corrosion (right hand)
 o - a ring of positive energy (left hand)
 w - an uncursed ring of positive energy
 J - an uncursed amulet of guardian spirit
Wands
 C - a wand of iceblast (11)
 E - a wand of paralysis (9)
 I - a wand of flame (15)
Scrolls
 j - 5 scrolls of remove curse
 l - 4 scrolls of teleportation
 r - 2 scrolls of fear
 u - a scroll of immolation {unknown}
 y - 2 scrolls of amnesia
 H - a scroll of torment {unknown}
Potions
 d - 4 potions of curing
 g - 3 potions of stabbing
 i - a potion of might
 n - 4 potions of haste
 p - 2 potions of flight
 q - a potion of brilliance {unknown}
 s - a potion of cancellation
 t - a potion of magic {unknown}
 x - a potion of resistance
 z - a potion of lignification
Comestibles
 f - 18 rations
 v - 4 chunks of flesh


   Skills:
 + Level 7.1 Fighting
 + Level 6.5 Short Blades
 + Level 6.5 Long Blades
 + Level 6.5 Axes
 + Level 6.5 Maces & Flails
 + Level 6.5 Polearms
 + Level 6.5 Staves
 + Level 6.5 Slings
 + Level 8.1 Bows
 + Level 6.5 Crossbows
 + Level 7.1 Throwing
 + Level 8.1 Armour
 + Level 6.5 Dodging
 + Level 6.5 Stealth
 + Level 6.5 Shields
 + Level 6.5 Unarmed Combat
 + Level 7.2 Spellcasting
 + Level 5.4 Conjurations
 + Level 5.4 Hexes
 + Level 5.4 Charms
 + Level 5.4 Summonings
 + Level 5.4 Necromancy
 + Level 5.4 Translocations
 + Level 5.4 Transmutations
 + Level 5.4 Fire Magic
 + Level 5.4 Ice Magic
 + Level 5.4 Air Magic
 + Level 6.7 Earth Magic
 + Level 5.4 Poison Magic
 + Level 7.2 Invocations
 + Level 7.1 Evocations


You had 20 spell levels left.
You knew the following spells:

 Your Spells              Type           Power        Failure   Level  Hunger
a - Sandblast             Erth           ####..       1%          1    None
b - Stone Arrow           Conj/Erth      ####..       5%          3    #......

Your spell library contained the following spells:

 Spells                   Type           Power        Failure   Level  Hunger
 Animate Skeleton         Necr           N/A          2%          1    None
 Infusion                 Chrm           ####         2%          1    None
 Pain                     Necr           ####         2%          1    None
 Passwall                 Tmut/Erth      ####....     2%          2    None
 Shroud of Golubria       Chrm/Tloc      ####..       3%          2    None
 Song of Slaying          Chrm           ####....     3%          2    None
 Ozocubu's Armour         Chrm/Ice       ####....     7%          3    #......
 Spectral Weapon          Hex/Chrm       ####....     7%          3    #......
 Vampiric Draining        Necr           ####......   7%          3    #......
 Petrify                  Tmut/Erth      ####....     19%         4    ###....
 Animate Dead             Necr           N/A          22%         4    ###....
 Lee's Rapid Deconstruct  Erth           ####......   36%         5    #####..
 Agony                    Necr           ####....     54%         5    #####..


Dungeon Overview and Level Annotations

Branches:
Dungeon (11/15)            Temple (1/1) D:5            Lair (0/6) D:8
Ossuary (visited)
    Orc: D:9-12

Altars:
Ashenzari
Cheibriados
Dithmenos
Elyvilon
Fedhas
Gozag
Hepliaklqana
Kikubaaqudgha
Nemelex Xobeh
Okawaru
Qazlal
Ru
Sif Muna
Trog
Vehumet
Wu Jian
Xom
Zin
The Shining One

Shops:
D:5 :   D:8 !


Innate Abilities, Weirdness & Mutations

Your experience applies equally to all skills.
You have very sharp teeth.
Your uncanny sense of smell can sniff out nearby items.
You are partially covered in slimy green scales. (AC +2)
You are dopey. (Int -2)
You have an increased reservoir of magic. (+10% MP)


Message History

You bite the white ugly thing, but do no damage.
The white ugly thing is lightly wounded.
The white ugly thing claws you! The white ugly thing freezes you!!
You hit the white ugly thing.
The white ugly thing is poisoned.
The white ugly thing is lightly wounded.
You hit the white ugly thing but do no damage.
The white ugly thing looks even sicker.
You bite the white ugly thing, but do no damage.
The white ugly thing is lightly wounded.
The white ugly thing claws you! The white ugly thing freezes you!!
* * * LOW HITPOINT WARNING * * *
You are feeling hungry.
The white ugly thing barely misses you.
As you read the scroll of fear, it crumbles to dust.
You assume a fearsome visage.
The white ugly thing resists with some effort.
The white ugly thing barely misses you.
As you read the scroll of teleportation, it crumbles to dust.
You feel strangely unstable. The white ugly thing claws you!
You die...

..............#########..#
..............# #..#
.............># #..#
..............# #..#
..............# #..#
..............#########>.#
.........................#
...............u.........#
................@........#
#........................#
#.......)................#
#........................#
#.........[..............#
.........................#
.........................#
###########..............#
#..............#


You could see a white ugly thing (very poisoned).

Vanquished Creatures
  The ghost of bmj180 the Thaumaturge, an adept DrCj of Vehumet (D:9)
  3 death yaks (D:7)
  The ghost of DEFE the Carver, a novice DrFi of Gozag (D:9)
  A hornet (D:10)
  4 hippogriffs
  Sigmund (D:4)
  A wyvern (D:8)
  14 yaks
  2 hungry ghosts
  A water moccasin (D:9)
  A sky beast (D:9)
  2 orc warriors
  3 ice beasts
  The ghost of HYPERHYPER the Shield-Bearer, an amateur DDFi (D:5)
  4 ogres
  3 phantoms
  4 centaurs
  A big kobold (D:8)
  4 bullfrogs
  7 water moccasin zombies (Ossuary)
  3 scorpions
  10 wights
  3 jellies
  3 howler monkeys
  5 crimson imps
  A centaur zombie (D:9)
  A quasit (D:10)
  6 hounds
  3 bullfrog skeletons
  3 orc priests
  Terence (D:2)
  Jessica (D:2)
  2 iguanas
  5 orc wizards
  7 worker ants
  3 big kobold zombies (Ossuary)
  2 mummies (Ossuary)
  A hound skeleton (D:10)
  A howler monkey zombie (D:5)
  2 worker ant zombies
  3 gnolls (D:7)
  10 adders
  A shadow imp (D:5)
  An ooze (D:3)
  4 adder zombies (Ossuary)
  6 adder skeletons
  2 worms
  2 dart slugs
  6 leopard geckos
  22 orcs
  3 ball pythons
  3 bats
  2 giant cockroaches
  2 gnoll zombies (Ossuary)
  8 goblins
  4 hobgoblins
  11 jackals
  3 quokkas
  2 frilled lizards
  5 hobgoblin zombies (Ossuary)
  6 kobolds
  6 kobold zombies (Ossuary)
  2 leopard gecko skeletons (D:4)
  5 orc zombies (Ossuary)
  7 rats
248 creatures vanquished.

Vanquished Creatures (others)
  3 withered plants (D:9)
3 creatures vanquished.

Grand Total: 251 creatures vanquished

Notes
Turn   | Place    | Note
-------+----------+-------------------------------------------
     0 | D:1      | xccam the Gnoll Wanderer began the quest for the Orb.
     0 | D:1      | xccam set off with the following items: a +0 shortbow, 25
                  | arrows, a potion of curing, a +0 robe, a ration; and the
                  | following spell memorised: Sandblast; and the following
                  | spells available to memorise: Passwall, Stone Arrow,
                  | Petrify, Lee's Rapid Deconstruction
     0 | D:1      | Reached XP level 1. HP: 17/17 MP: 4/4
   230 | D:1      | Reached XP level 2. HP: 23/23 MP: 5/5
   414 | D:1      | Found a glowing golden altar of the Shining One.
  1101 | D:2      | Noticed Terence
  1104 | D:2      | Killed Terence
  1104 | D:2      | Reached skill level 1 in Invocations
  1104 | D:2      | Reached XP level 3. HP: 28/28 MP: 7/7
  1178 | D:2      | Reached skill level 1 in Short Blades
  1178 | D:2      | Reached skill level 1 in Long Blades
  1178 | D:2      | Reached skill level 1 in Axes
  1178 | D:2      | Reached skill level 1 in Maces & Flails
  1178 | D:2      | Reached skill level 1 in Polearms
  1178 | D:2      | Reached skill level 1 in Staves
  1178 | D:2      | Reached skill level 1 in Slings
  1178 | D:2      | Reached skill level 1 in Crossbows
  1178 | D:2      | Reached skill level 1 in Dodging
  1178 | D:2      | Reached skill level 1 in Stealth
  1178 | D:2      | Reached skill level 1 in Shields
  1178 | D:2      | Reached skill level 1 in Unarmed Combat
  1253 | D:2      | Reached XP level 4. HP: 34/34 MP: 8/8
  1338 | D:2      | Noticed Jessica
  1341 | D:2      | Killed Jessica
  1585 | D:3      | Found a glowing silver altar of Zin.
  1629 | D:3      | Reached skill level 1 in Conjurations
  1629 | D:3      | Reached skill level 1 in Hexes
  1629 | D:3      | Reached skill level 1 in Charms
  1629 | D:3      | Reached skill level 1 in Summonings
  1629 | D:3      | Reached skill level 1 in Necromancy
  1629 | D:3      | Reached skill level 1 in Translocations
  1629 | D:3      | Reached skill level 1 in Transmutations
  1629 | D:3      | Reached skill level 1 in Fire Magic
  1629 | D:3      | Reached skill level 1 in Ice Magic
  1629 | D:3      | Reached skill level 1 in Air Magic
  1629 | D:3      | Reached skill level 1 in Poison Magic
  1983 | D:3      | Reached XP level 5. HP: 40/40 MP: 9/9
  2698 | D:4      | Noticed Sigmund
  2732 | D:4      | Killed Sigmund
  2732 | D:4      | Reached skill level 5 in Bows
  2732 | D:4      | Reached skill level 5 in Armour
  2732 | D:4      | Reached XP level 6. HP: 35/47 MP: 9/11
  3043 | D:4      | Reached XP level 7. HP: 46/52 MP: 12/12
  3547 | D:4      | Found a stormy altar of Qazlal.
  3945 | D:4      | Found a white marble altar of Elyvilon.
  3959 | D:5      | Entered Level 5 of the Dungeon
  4161 | D:5      | Found a runed translucent door.
  4161 | D:5      | Noticed HYPERHYPER's ghost (amateur DDFi)
  4199 | D:5      | Found Unkot's Book Shop.
  4239 | D:5      | Reached XP level 8. HP: 38/60 MP: 14/14
  4248 | D:5      | Found a sand-covered staircase.
  4263 | Ossuary  | Entered an ossuary
  5493 | D:5      | Found a blossoming altar of Fedhas.
  5526 | D:5      | Killed HYPERHYPER's ghost
  5889 | D:5      | Reached XP level 9. HP: 63/66 MP: 16/16
  6208 | D:5      | Found a staircase to the Ecumenical Temple.
  6214 | Temple   | Entered the Ecumenical Temple
  6260 | Temple   | Became a worshipper of Warmaster Okawaru
  6559 | D:6      | Reached skill level 5 in Earth Magic
  6778 | D:6      | Got an encrusted dagger
  6779 | D:6      | Identified the +9 dagger of Fragile Peace {venom, +Inv
                  | rPois Str-2 Int+3} (You found it on level 6 of the Dungeon)
  7093 | D:7      | Reached skill level 5 in Spellcasting
  7611 | D:7      | Reached * piety under Okawaru
  7611 | D:7      | Reached skill level 5 in Fighting
  7611 | D:7      | Reached skill level 5 in Throwing
  7611 | D:7      | Reached skill level 5 in Evocations
  8208 | D:7      | Reached skill level 5 in Invocations
  8323 | D:7      | Found an ornate altar of the Wu Jian Council.
  8593 | D:7      | Reached XP level 10. HP: 74/74 MP: 18/18
  8781 | D:8      | Noticed a death yak
  8781 | D:8      | Noticed a death yak
  8815 | D:7      | Killed a death yak
  8815 | D:7      | Reached ** piety under Okawaru
  8815 | D:7      | Reached skill level 5 in Short Blades
  8815 | D:7      | Reached skill level 5 in Long Blades
  8815 | D:7      | Reached skill level 5 in Axes
  8815 | D:7      | Reached skill level 5 in Maces & Flails
  8815 | D:7      | Reached skill level 5 in Polearms
  8815 | D:7      | Reached skill level 5 in Staves
  8815 | D:7      | Reached skill level 5 in Slings
  8815 | D:7      | Reached skill level 5 in Crossbows
  8815 | D:7      | Reached skill level 5 in Dodging
  8815 | D:7      | Reached skill level 5 in Stealth
  8815 | D:7      | Reached skill level 5 in Shields
  8815 | D:7      | Reached skill level 5 in Unarmed Combat
  8902 | D:8      | Noticed a death yak
  9058 | D:7      | Killed a death yak
  9321 | D:7      | Killed a death yak
  9321 | D:7      | Reached *** piety under Okawaru
 10109 | D:8      | Reached **** piety under Okawaru
 10109 | D:8      | Reached XP level 11. HP: 28/82 MP: 20/20
 10448 | D:8      | Found a staircase to the Lair.
 10661 | D:8      | Found Toeschunn's Distillery.
 10679 | D:8      | Learned a level 3 spell: Stone Arrow
 11722 | D:9      | Found a runed translucent gate.
 11724 | D:9      | Found a runed translucent gate.
 11724 | D:9      | Found a runed translucent gate.
 11724 | D:9      | Noticed bmj180's ghost (adept DrCj)
 11725 | D:9      | Noticed DEFE's ghost (novice DrFi)
 11773 | D:9      | Reached skill level 5 in Conjurations
 11773 | D:9      | Reached skill level 5 in Hexes
 11773 | D:9      | Reached skill level 5 in Charms
 11773 | D:9      | Reached skill level 5 in Summonings
 11773 | D:9      | Reached skill level 5 in Necromancy
 11773 | D:9      | Reached skill level 5 in Translocations
 11773 | D:9      | Reached skill level 5 in Transmutations
 11773 | D:9      | Reached skill level 5 in Fire Magic
 11773 | D:9      | Reached skill level 5 in Ice Magic
 11773 | D:9      | Reached skill level 5 in Air Magic
 11773 | D:9      | Reached skill level 5 in Poison Magic
 12331 | D:9      | Gained mutation: You are dopey. (Int -2) [potion of
                  | mutation]
 12331 | D:9      | Gained mutation: You have an increased reservoir of magic.
                  | (+10% MP) [potion of mutation]
 12331 | D:9      | Gained mutation: You are partially covered in slimy green
                  | scales. (AC +2) [potion of mutation]
 12346 | D:9      | Killed bmj180's ghost
 12346 | D:9      | Received a gift from Okawaru
 12356 | D:9      | Killed DEFE's ghost
 12615 | D:10     | Entered Level 10 of the Dungeon
 12784 | D:10     | Reached ***** piety under Okawaru
 13026 | D:10     | Received a gift from Okawaru
 13367 | D:10     | Found a snail-covered altar of Cheibriados.
 13683 | D:11     | Noticed a white ugly thing
 13697 | D:10     | Slain by a white ugly thing

Illustrated notes

Levels and vault maps discovered:
D:1:      matt_arrival_grand_opening, layout_basic, tso_metal_star
D:2:      layout_basic, uniq_terence, uniq_jessica
D:3:      layout_loops_corners, zin_academy, first_ration
D:4:      layout_loops_ring, nicolae_overflow_hidden_temple, grunt_ministairs_2,
          grunt_qazlal_clouds, uniq_sigmund
D:5:      layout_basic, fedhas_altar_1, minmay_temple_entry_fiery,
          hellmonk_ghost_happy_afterlife, serial_shops, shop, enter_ossuary_1
D:6:      layout_rooms
D:7:      layout_loops_ring, kennysheep_mini
D:8:      layout_cave_pools, dpeg_lair_monsters, serial_shops,
          nicolae_shop_crystal, blue_anna_alchemist [blue_anna_fruit_fields,
          blue_anna_fruit_fields], nicolae_two_hexagons
D:9:      layout_stronghold, gammafunk_ghost_cemetery, minivault_12
D:10:     layout_long_grid, cheibriados_altar_1
D:11:     layout_gridville, enter_bailey_2, grunt_dithmenos_smoke_and_mirrors
Temple:   eino_wide_crystal_templ

Skill      XL: |  1  2  3  4  5  6  7  8  9 10 11 |
---------------+----------------------------------+-----
Invocations    | 1 2 3 4 5 6 7 |  7.2
Short Blades   | 1 2 3 4 5 6 |  6.5
Long Blades    | 1 2 3 4 5 6 |  6.5
Axes           | 1 2 3 4 5 6 |  6.5
Maces & Flails | 1 2 3 4 5 6 |  6.5
Polearms       | 1 2 3 4 5 6 |  6.5
Staves         | 1 2 3 4 5 6 |  6.5
Slings         | 1 2 3 4 5 6 |  6.5
Crossbows      | 1 2 3 4 5 6 |  6.5
Dodging        | 1 2 3 4 5 6 |  6.5
Stealth        | 1 2 3 4 5 6 |  6.5
Shields        | 1 2 3 4 5 6 |  6.5
Unarmed Combat | 1 2 3 4 5 6 |  6.5
Spellcasting   | 3 4 5 6 7 |  7.2
Conjurations   | 1 2 3 4 5 |  5.4
Hexes          | 1 2 3 4 5 |  5.4
Charms         | 1 2 3 4 5 |  5.4
Summonings     | 1 2 3 4 5 |  5.4
Necromancy     | 1 2 3 4 5 |  5.4
Translocations | 1 2 3 4 5 |  5.4
Transmutations | 1 2 3 4 5 |  5.4
Fire Magic     | 1 2 3 4 5 |  5.4
Ice Magic      | 1 2 3 4 5 |  5.4
Air Magic      | 1 2 3 4 5 |  5.4
Poison Magic   | 1 2 3 4 5 |  5.4
Fighting       | 3 4 5 6 7 |  7.1
Throwing       | 3 4 5 6 7 |  7.1
Earth Magic    | 4 5 6 |  6.7
Evocations     | 3 4 5 6 7 |  7.1
Bows           | 5 6 7 8 |  8.1
Armour         | 5 6 7 8 |  8.1

Action                   |  1- 3 |  4- 6 |  7- 9 | 10-12 || total
-------------------------+-------+-------+-------+-------++-------
Melee: Falchion          |       |    18 |   266 |       ||   284
       Bite              |       |     2 |    61 |    46 ||   109
       Punch             |       |       |     3 |    14 ||    17
       Dagger            |       |       |   147 |   401 ||   548
 Fire: Shortbow          |    72 |   140 |   267 |   171 ||   650
 Cast: Sandblast         |       |       |     6 |       ||     6
       Stone Arrow       |       |       |       |     4 ||     4
Invok: Heroism           |       |       |       |     2 ||     2
Evoke: Wand              |       |       |       |     1 ||     1
  Use: Potion            |       |     6 |       |     7 ||    13
       Scroll            |       |       |    11 |     7 ||    18
 Stab: Sleeping          |       |       |     5 |       ||     5
  Eat: Chunk             |     1 |     5 |    12 |    12 ||    30
       Ration            |       |       |     3 |     1 ||     4
Armor: Robe              |     6 |       |       |       ||     6
       Ring mail         |     2 |    26 |   190 |    89 ||   307
       Skin              |       |       |       |    20 ||    20
Dodge: Dodged            |    13 |    50 |   282 |   165 ||   510
       Rpst.: Falchion   |       |     2 |    50 |       ||    52

Table legend:
 A = Non-vault XP
 B = Vault XP
 C = Vault XP percentage of total XP
 D = Non-vault monster count
 E = Vault monster count
 F = Vault count percentage of total count
                 A         B        C        D         E       F
            +---------+---------+-------+---------+---------+-------
      Total |    9390 |    7572 |  44.6 |     198 |      50 |  20.2
            +---------+---------+-------+---------+---------+-------
        D:1 |      28 |       0 |   0.0 |      15 |       0 |   0.0
        D:2 |      26 |      75 |  74.3 |      15 |       2 |  11.8
        D:3 |     130 |       0 |   0.0 |      22 |       0 |   0.0
        D:4 |     511 |     229 |  30.9 |      23 |       3 |  11.5
        D:5 |     617 |     128 |  17.2 |      11 |       1 |   8.3
        D:6 |     418 |       0 |   0.0 |       8 |       0 |   0.0
        D:7 |    2096 |    3173 |  60.2 |      44 |       6 |  12.0
        D:8 |    1314 |     296 |  18.4 |      14 |       2 |  12.5
        D:9 |    2055 |    2970 |  59.1 |      21 |       2 |   8.7
       D:10 |    2195 |       0 |   0.0 |      25 |       0 |   0.0
    Ossuary |       0 |     701 | 100.0 |       0 |      34 | 100.0
            +---------+---------+-------+---------+---------+-------
